 Dungeon Crawl Stone Soup version 0.30.0-30-g96aa6591b8 (webtiles) character file.

Game seed: 17906530602767015348

2317 McKennaii the Destroyer (level 8, -4/57 HPs)
             Began as a Demigod Conjurer on June 29, 2023.
             Slain by an orc warlord
             ... wielding a +7 battleaxe
              (39 damage)
             ... in a bailey.
             The game lasted 00:08:57 (8345 turns).

McKennaii the Destroyer (Demigod Conjurer)          Turns: 8345, Time: 00:08:57

Health: -4/57      AC:  6    Str:  8    XL:     8   Next: 98%
Magic:  28/31      EV: 12    Int: 28    God:
Gold:   382        SH:  0    Dex: 12    Spells: 7/21 levels left

rFire   + . .        e - +1 mace (drain)
rCold   + . .        (no shield)
rNeg    . . .        m - +2 robe {rC+ rF+}
rPois   .            (no helmet)
rElec   .            (no cloak)
rCorr   .            u - +0 pair of gloves
SInv    .            j - +0 pair of boots
Will    .....        (no amulet)
Stlth   ++           c - ring of wizardry
HPRegen 0.29/turn    A - ring of magical power
MPRegen 0.22/turn

%: wizardry (x1)
@: very slightly contaminated, studying Staves
A: high MP 1, forlorn, divine attributes
a: no special abilities


You were in a bailey.
You visited 1 branch of the dungeon, and saw 7 of its levels.
You also visited: Bailey.

You collected 382 gold pieces.

Inventory:

Hand Weapons
 e - a +1 mace of draining (weapon)
Armour
 j - a +0 pair of boots (worn)
 m - a +2 robe of resistance (worn)
 u - a +0 pair of gloves (worn)
Magical Staves
 C - a staff of fire
Jewellery
 c - a ring of wizardry (left hand)
 y - a ring of wizardry
 A - a ring of magical power (right hand)
Wands
 d - a wand of flame (45)
Scrolls
 f - a scroll of teleportation
 h - 3 scrolls of immolation
 i - 3 scrolls of enchant armour {unknown}
 n - a scroll of butterflies {unknown}
 p - a scroll of silence {unknown}
 q - 2 scrolls of torment {unknown}
 s - a scroll of blinking {unknown}
 t - a scroll of enchant weapon {unknown}
 w - 2 scrolls of magic mapping {unknown}
 z - a scroll of fog {unknown}
 D - a scroll of noise {unknown}
 E - a scroll of fear {unknown}
 F - a scroll of acquirement {unknown}
Potions
 a - 3 potions of haste
 g - 5 potions of curing
 k - 2 potions of mutation
 l - 3 potions of heal wounds
 o - a potion of lignification
 r - a potion of attraction {unknown}
 v - a potion of invisibility {unknown}
 x - 2 potions of might {unknown}
 B - a potion of brilliance {unknown}


   Skills:
 - Level 1.7 Dodging
 - Level 1.7 Stealth
 + Level 7.2 Spellcasting
 + Level 8.5 Conjurations
 * Level 2.9 Ice Magic


You had 7 spell levels left.
You knew the following spells:

 Your Spells              Type           Power      Damage    Failure   Level
a - Magic Dart            Conj           100%       1d8       1%          1
b - Searing Ray           Conj           100%       2d8       1%          2
c - Iskenderun's Mystic   Conj/Tloc      34%        2d8       4%          4
d - Ozocubu's Refrigerat  Ice            13%        4d10      99%         7

Your spell library contained the following spells:

 Spells                   Type           Power      Damage    Failure   Level
 Dazzling Flash           Conj/Hex       68%        N/A       1%          3
 Ozocubu's Armour         Ice            26%        N/A       1%          3
 Apportation              Tloc           20%        N/A       2%          1
 Necrotise                Necr           40%        1d6       2%          1
 Summon Small Mammal      Summ           40%        N/A       2%          1
 Fulminant Prism          Conj/Hex       17%        3d11      4%          4
 Agony                    Necr           10%        N/A       50%         5
 Silence                  Hex/Air        5%         N/A       50%         5


Dungeon Overview and Level Annotations

Branches:
Dungeon (7/15)             Bailey (1/1)
 Temple: D:4-7


Innate Abilities, Weirdness & Mutations

You have an increased reservoir of magic. (+10% MP)
You shall have no god before yourself.
Your divine heritage dramatically boosts your attributes as you level up.


Message History

Confirm with . or Enter, or press ? or * to list all spells.
You erupt in a blast of force!
The mystic blast hits the orc warlord but does no damage.
The orc warlord is heavily wounded.
Unknown command.
Casting: Iskenderun's Mystic Blast (dangerous; 4% risk of failure)
Confirm with . or Enter, or press ? or * to list all spells.
You erupt in a blast of force!
The mystic blast hits the orc warlord!
The orc warlord is heavily wounded.
The orc warlord is knocked back by the mystic blast.
The orc warlord slams into the stone wall!
Unknown command.
Aiming: Throw Flame
Press: ? - help, Shift-Dir - straight line, f/p - orc warlord
Aim: an orc warlord, wielding a +7 battleaxe and wearing a +0 plate armour (heavily wounded, 81% to hit)
Unknown command.
Aiming: Throw Flame
Press: ? - help, Shift-Dir - straight line, f/p - orc warlord
Aim: an orc warlord, wielding a +7 battleaxe and wearing a +0 plate armour (steam, heavily wounded, 81% to hit)
The puff of flame hits the orc warlord.
The orc warlord is severely wounded.
Unknown command.
Unknown command.
Casting: Iskenderun's Mystic Blast (dangerous; 4% risk of failure)
Confirm with . or Enter, or press ? or * to list all spells.
You miscast Iskenderun's Mystic Blast.
You are very lightly contaminated with residual magic.
Nothing appears to happen.
Unknown command.
Casting: Iskenderun's Mystic Blast (dangerous; 4% risk of failure)
Confirm with . or Enter, or press ? or * to list all spells.
You erupt in a blast of force!
The mystic blast hits the orc warlord but does no damage.
The orc warlord is heavily wounded.
The orc warlord hits you with a +7 battleaxe!!
Unknown command.
Magic courses through your body.
The orc warlord hits you with a +7 battleaxe!!!
Ouch! That really hurt!
You die...

♣∩...~~~.#~....∩....~#.~)~...∩♣
♣♣...~~~.#~.........~#.~~~...♣♣
♣...~~~.#~~.8...8.~~#.~~~...♣
♣♣..###'###.......###'###..♣♣
♣.##....#~.8...8.~#....##.♣
♣##.....#~~~~)~~~~#.....##♣
##......####§~~####......##
#...8......#'o'#......8...#
#.............@...........#
#.........................#
##..8..8........)..8..8..##
##.......#######.......##
##.....## ##.....## ##...##
##...## ##### #####


You could see an orc warlord.

Vanquished Creatures
  A kobold demonologist (D:4)
  A steam dragon (D:6)
  A water moccasin (D:6)
  4 orc warriors (Bailey)
  A sky beast (D:6)
  An ogre (D:5)
  A centaur (D:5)
  Blork the orc (D:6)
  A kobold brigand (D:7)
  A bullfrog (D:7)
  3 scorpions
  3 hounds
  A jelly (D:6)
  3 orc priests (D:4)
  A gnoll bouda (D:6)
  A sleepcap (D:4)
  Jessica (D:2)
  4 iguanas
  2 orc wizards
  8 gnolls
  12 adders
  4 shadow imps
  A white imp (D:6)
  An ufetubus (D:6)
  2 worms
  3 dart slugs
  28 orcs
  4 ball pythons
  5 bats
  16 endoplasms
  4 giant cockroaches
  10 goblins
  3 hobgoblins
  2 jackals (D:2)
  3 quokkas (D:1)
  3 frilled lizards
  24 kobolds
  9 rats
174 creatures vanquished.

Notes
Turn   | Place    | Note
-------+----------+-------------------------------------------
     0 | D:1      | McKennaii the Demigod Conjurer began the quest for the Orb.
     0 | D:1      | Reached XP level 1. HP: 14/14 MP: 5/5
   359 | D:1      | Reached XP level 2. HP: 20/20 MP: 1/7
   611 | D:1      | Reached skill level 4 in Conjurations
   914 | D:2      | Learned a level 2 spell: Searing Ray
  1140 | D:2      | Reached XP level 3. HP: 26/26 MP: 7/9
  1460 | D:2      | Reached XP level 4. HP: 30/33 MP: 6/11
  1465 | D:2      | Learned a level 4 spell: Iskenderun's Mystic Blast
  1707 | D:2      | Noticed Jessica
  1713 | D:2      | Killed Jessica
  2531 | D:3      | Identified the +2 ring mail "Forget-Me-Not" {-Cast Harm
                  | rF+++ Will-}
  3392 | D:4      | Reached XP level 5. HP: 38/38 MP: 10/13
  3483 | D:4      | Found a transporter.
  3499 | D:4      | Noticed a kobold demonologist
  3557 | D:4      | Reached skill level 5 in Conjurations
  3714 | D:4      | Found a transporter.
  4061 | D:4      | Reached XP level 6. HP: 42/45 MP: 10/15
  4341 | D:4      | Noticed a +0 dagger
  4341 | D:4      | Noticed a +0 hand axe
  4941 | D:4      | Reached skill level 6 in Conjurations
  5020 | D:4      | Killed a kobold demonologist
  5021 | D:4      | Reached skill level 5 in Spellcasting
  5021 | D:4      | Reached XP level 7. HP: 50/50 MP: 8/18
  5128 | D:5      | Entered Level 5 of the Dungeon
  5620 | D:5      | Reached skill level 7 in Conjurations
  6585 | D:6      | Noticed Blork the orc
  6595 | D:6      | Killed Blork the orc
  6596 | D:6      | Reached XP level 8. HP: 45/57 MP: 0/20
  6969 | D:6      | Reached skill level 8 in Conjurations
  7514 | D:6      | Learned a level 7 spell: Ozocubu's Refrigeration
  7577 | D:7      | Reached skill level 1 in Ice Magic
  7676 | D:7      | Found a flagged portal.
  7687 | Bailey   | Entered a bailey
  7938 | Bailey   | Noticed an orc warlord
  8113 | Bailey   | Found a runed translucent gate.
  8114 | Bailey   | Found a runed translucent gate.
  8115 | Bailey   | Found a runed translucent gate.
  8345 | Bailey   | Slain by an orc warlord

Illustrated notes

Levels and vault maps discovered:
D:1:      minmay_arrival_stair_chambers, layout_basic
D:2:      layout_loops_corners, shapermc_ecumenical_altar_starsandcircs,
          minmay_tetromino_t4, uniq_jessica
D:3:      layout_loops_corners, serial_rivers, chequers_serial_rivers_room_b,
          chequers_serial_rivers_room_b, chequers_serial_rivers_large_a,
          chequers_serial_rivers_micro_b, chequers_serial_rivers_micro_a
D:4:      gammafunk_wand_slinger, layout_loops_corners, general_overflow_altar,
          dancing_weapons_uskayaw, minmay_vboxes
D:5:      layout_gridville, kennysheep_mini, nemelex_spade_bored_becter
D:6:      layout_basic, mainiacjoe_overflow_cross_hatched,
          kennysheep_cross_room, uniq_blork_the_orc
D:7:      layout_loops_cross, temple_doors_ab, enter_bailey_2
Bailey:   bailey_axe_bossmonster_kennysheep, bailey

Skill      XL: |  1  2  3  4  5  6  7  8 |
---------------+-------------------------+-----
Spellcasting   | 2 3 4 5 6 7 |  7.2
Conjurations   | 4 5 6 7 8 |  8.5
Ice Magic      | 2 |  2.9
Dodging        | |  1.7
Stealth        | |  1.7

Action                     |  1- 3 |  4- 6 |  7- 9 || total
---------------------------+-------+-------+-------++-------
  Melee: Mace              |     7 |     9 |    11 ||    27
   Cast: Magic Dart        |    70 |    83 |   138 ||   291
         Searing Ray       |     2 |    16 |    24 ||    42
         Iskenderun's Myst |       |       |    21 ||    21
  Evoke: Wand              |       |       |    21 ||    21
    Use: Scroll            |       |     5 |     4 ||     9
         Potion            |       |     1 |     2 ||     3
 Armour: Robe              |     1 |     9 |    16 ||    26
  Dodge: Dodged            |    12 |    16 |    46 ||    74
